 Dungeon Crawl Stone Soup version 0.29-a0-334-gb41bcbb86e (webtiles) character file.

Game seed: 10903076620660290424

313 Jortsu the Ruffian (level 6, -13/61 HPs)
             Began as a Troll Fighter on Apr 14, 2022.
             Blown up by Ijyb (20 damage)
             ... with a mindburst bolt
             ... on level 3 of the Dungeon.
             The game lasted 00:03:59 (2111 turns).

Jortsu the Ruffian (Troll Fighter)                  Turns: 2111, Time: 00:04:00

Health: -13/61     AC:  5    Str: 25    XL:     6   Next: 19%
Magic:  5/5        EV: 13    Int:  4    God:
Gold:   169        SH:  8    Dex: 11    Spells: 5/5 levels left

rFire   . . .      SeeInvis .     - Unarmed
rCold   . . .      Faith    .   b - +0 kite shield
rNeg    . . .      Spirit   .   a - +0 robe
rPois   .          Reflect  .   (helmet restricted)
rElec   .          Harm     .   p - +0 cloak
rCorr   .          Rampage  .   (gloves unavailable)
Will    .....                   (boots unavailable)
Stlth   +.........              (no amulet)
HPRegen 1.00/turn               i - +4 ring of evasion
MPRegen 0.09/turn               (no ring)

@: no status effects
A: large, unfitting armour, claws 3, regeneration 1, shaggy fur 1, tough skin 1
a: no special abilities


You were on level 3 of the Dungeon.
You visited 1 branch of the dungeon, and saw 3 of its levels.

You collected 169 gold pieces.

Inventory:

Missiles
 n - 37 stones (quivered)
Armour
 a - a +0 robe (worn)
 b - a +0 kite shield (worn)
 p - a +0 cloak (worn)
Jewellery
 i - a +4 ring of evasion (left claw)
 l - a ring of positive energy
Wands
 q - a wand of flame (28)
Scrolls
 e - a scroll of identify
 h - a scroll of amnesia
 r - a scroll of immolation {unknown}
 t - a scroll of fear
Potions
 c - a potion of might
 d - 3 potions of curing {unknown}
 f - a potion of lignification {unknown}
 g - 2 potions of flight
 j - a potion of attraction
 k - a potion of berserk rage {unknown}
 m - a potion of ambrosia {unknown}
 o - 2 potions of resistance {unknown}
 s - a potion of heal wounds {unknown}


   Skills:
 + Level 3.0 Fighting
 + Level 3.6 Dodging
 + Level 0.2 Stealth
 + Level 3.4 Shields
 + Level 4.1 Unarmed Combat


You had 5 spell levels left.
You didn't know any spells.
Your spell library contained the following spells:

 Spells                   Type           Power      Damage    Failure   Level
 Magic Dart               Conj           0%         1d3       80%         1
 Pain                     Necr           0%         1d4       80%         1
 Call Imp                 Summ           0%         N/A       90%         2
 Static Discharge         Conj/Air       0%         N/A       90%         2
 Mephitic Cloud           Conj/Pois/Air  0%         N/A       99%         3
 Leda's Liquefaction      Hex/Erth       0%         N/A       100%        4
 Agony                    Necr           0%         N/A       100%        5
 Excruciating Wounds      Necr           0%         N/A       100%        5
 Lee's Rapid Deconstruct  Erth           0%         3d5*      100%        5
 Lightning Bolt           Conj/Air       0%         1d11      100%        5
 Statue Form              Tmut/Erth      0%         N/A       100%        6
 Maxwell's Capacitive Co  Air            0%         ∞         100%        8


Dungeon Overview and Level Annotations

Branches:
Dungeon (3/15)

Altars:
Uskayaw
Xom

Annotations:
D:3 Ijyb


Innate Abilities, Weirdness & Mutations

You are too large for most types of armour.
You have claws for hands.
Your natural rate of healing is unusually fast.
You are covered in fur. (AC +1)
You have tough skin. (AC +1)


Message History

Ijyb screams, "Me very upset!"
Ijyb zaps a wand.
You barely resist. The rat closely misses you.
Ijyb hits you but does no damage.
You claw Ijyb!
Ijyb is heavily wounded.
You block the rat's attack.
Ijyb zaps a wand.
Your mind is blasted!
You closely miss Ijyb.
Ijyb is heavily wounded.
You block the rat's attack. Ijyb hits you with a +0 dagger.
You barely miss Ijyb.
Ijyb is heavily wounded.
A giant cockroach comes into view.
You block the rat's attack.
Ijyb zaps a wand.
Your mind is blasted!
* * * LOW HITPOINT WARNING * * *
The giant cockroach moves out of view.
You closely miss Ijyb.
Ijyb is heavily wounded.
You block the rat's attack. Ijyb completely misses you.
You barely miss Ijyb.
Ijyb is heavily wounded.
Ijyb completely misses you. You block the rat's attack.
You scratch Ijyb but do no damage.
Ijyb is heavily wounded.
Ijyb zaps a wand.
Your mind is blasted!
* * * LOW HITPOINT WARNING * * *
The rat barely misses you.
You scratch Ijyb but do no damage.
Ijyb is heavily wounded.
Ijyb hits you but does no damage. The rat barely misses you.
You scratch Ijyb but do no damage.
Ijyb is heavily wounded.
The rat bites you but does no damage. Ijyb barely misses you.
You barely miss Ijyb.
Ijyb is heavily wounded.
The rat closely misses you. Ijyb hits you with a +0 dagger.
* * * LOW HITPOINT WARNING * * *
You closely miss Ijyb.
Ijyb is heavily wounded.
Ijyb zaps a wand.
Your mind is blasted!
You die...

#..# ####.#
########..#
#.#
.....<....#
#.#
########.##
#(# #.# #.#
##.# #.#
#..# #.#
#.## #.#
#@# #.#
#.....gr#
#.#
#.##..BK.
..#.#
#.#####
#.#.# ...
#.#.# ##
### .##
#.#.# . ...
# #.#.#
.###.##
#.#.#
#..... .#
#.#.#


You could see Ijyb, a giant cockroach, a kobold and a rat.

Vanquished Creatures
  Sigmund (D:3)
  Jessica (D:2)
  Robin (D:2)
  An adder (D:3)
  An ufetubus (D:3)
  2 dart slugs (D:2)
  2 orcs (D:3)
  8 bats
  5 endoplasms
  4 giant cockroaches
  13 goblins
  5 hobgoblins
  3 jackals (D:3)
  6 kobolds
  10 quokkas
  8 ball pythons
  7 frilled lizards
  2 rats
80 creatures vanquished.

Notes
Turn   | Place    | Note
-------+----------+-------------------------------------------
     0 | D:1      | Jortsu the Troll Fighter began the quest for the Orb.
     0 | D:1      | Reached XP level 1. HP: 22/22 MP: 0/0
   191 | D:1      | Reached XP level 2. HP: 29/29 MP: 1/1
   745 | D:2      | Identified the +6 short sword "Emecumic" {protect, Str+4}
   746 | D:2      | Found a shimmering altar of Xom.
   762 | D:2      | Noticed Robin
   764 | D:2      | Reached XP level 3. HP: 36/36 MP: 2/2
   805 | D:2      | Killed Robin
   987 | D:2      | Noticed Jessica
   992 | D:2      | Killed Jessica
   993 | D:2      | Reached XP level 4. HP: 41/44 MP: 3/3
  1521 | D:3      | Found a faded altar of an unknown god.
  1531 | D:3      | Prayed at the altar of an unknown god.
  1531 | D:3      | Became a worshipper of Uskayaw the Reveller
  1531 | D:3      | Reached * piety under Uskayaw
  1532 | D:3      | Fell from the grace of Uskayaw
  1547 | D:3      | Found a shimmering altar of Xom.
  1574 | D:3      | Reached skill level 3 in Unarmed Combat
  1835 | D:3      | Reached XP level 5. HP: 48/52 MP: 4/4
  1913 | D:3      | Noticed Sigmund
  1923 | D:3      | Killed Sigmund
  1924 | D:3      | Reached skill level 4 in Unarmed Combat
  1924 | D:3      | Reached XP level 6. HP: 46/61 MP: 5/5
  2090 | D:3      | Noticed Ijyb
  2111 | D:3      | Blown up by Ijyb

Illustrated notes

Levels and vault maps discovered:
D:1:      minmay_arrival_cross, layout_loops_ring
D:2:      layout_loops_cross, basic_altar, uniq_jessica, uniq_robin
D:3:      minmay_chambers_of_threes, layout_loops_ring, general_overflow_altar,
          gammafunk_ghost_stat_death, nicolae_ecumenical_snake_handling,
          uniq_sigmund, uniq_ijyb

Skill      XL: |  1  2  3  4  5 |
---------------+----------------+-----
Dodging        | 3 |  3.6
Shields        | 3 |  3.4
Unarmed Combat | 3 4 |  4.1
Fighting       | 3 |  3.0
Stealth        | |  0.2

Action                   |  1- 3 |  4- 6 || total
-------------------------+-------+-------++-------
Melee: Unarmed           |    90 |   102 ||   192
Invok: Renounce Religion |       |     1 ||     1
  Use: Scroll            |     6 |     3 ||     9
       Potion            |       |     1 ||     1
 Stab: Sleeping          |       |     1 ||     1
Armor: Robe              |    43 |    44 ||    87
Dodge: Dodged            |    36 |    73 ||   109
Block: Kite shield       |    41 |    57 ||    98

Table legend: (Time is in decaauts)
 A = Elapsed time spent in this place.
 B = Non-inter-level travel time spent in this place.
 C = Inter-level travel time spent in this place.
 D = Time resting spent in this place.
 E = Time spent auto-exploring this place.
 F = Levels seen in this place.
 G = Mean time per level.
                   A        B        C        D        E       F      G
               +--------+--------+--------+--------+--------+-----+--------+
         Total |   2126 |   2073 |     53 |    168 |   1326 |   3 |  708.7 |
       Dungeon |   2126 |   2073 |     53 |    168 |   1326 |   3 |  708.7 |
               +--------+--------+--------+--------+--------+-----+--------+

Top non-repeatable levels by time:
     D:2: 816 daAuts
     D:1: 702 daAuts
     D:3: 607 daAuts
